 Dungeon Crawl Stone Soup version 0.22.1-1-ga44c0e5 (webtiles) character file.

181950 brandon the Executioner (level 17, -1/165 HPs)
             Began as a Minotaur Berserker on Oct 2, 2018.
             Was a High Priest of Trog.
             Slain by a sea snake (15 damage)
             ... on level 1 of the Shoals.
             The game lasted 02:15:30 (38065 turns).

brandon the Executioner (Minotaur Berserker)       Turns: 38065, Time: 02:15:31

Health: -1/165     AC: 19    Str: 23    XL:     17   Next: 34%
Magic:  5/5        EV: 13    Int:  4    God:    Trog [*****.]
Gold:   2488       SH:  6    Dex: 16    Spells: 16/16 levels left

rFire    x x .     SeeInvis .   b - +9 executioner's axe (antimagic)
rCold    + + .     Gourm    .   (shield currently unavailable)
rNeg     . . .     Faith    .   U - +3 chain mail
rPois    .         Spirit   .   (helmet restricted)
rElec    .         Reflect  +   S - scarf {repulsion}
rCorr    .         Harm     .   M - +0 pair of gloves
MR       ++...                  (no boots)
Stlth    ..........             x - +6 amulet of reflection
HPRegen  0.37/turn              i - ring of ice
MPRegen  0.09/turn              X - ring of Amelioration {Ice +Inv MR+ Slay+2 Stlth-}

@: lethally poisoned (-1 -> -143), berserk cooldown, very slightly contaminated,
slowed, repel missiles, very slow
A: retaliatory headbutt, horns 2
}: 1/15 runes: gossamer
a: Berserk, Trog's Hand, Brothers in Arms, Renounce Religion, Evoke Invisibility


You were on level 1 of the Shoals.
You worshipped Trog.
Trog was extremely pleased with you.
You were very hungry.

You visited 5 branches of the dungeon, and saw 27 of its levels.
You visited the Abyss 2 times.
You also visited: Sewer.

You collected 2488 gold pieces.

Inventory:

Hand Weapons
 b - a +9 antimagic executioner's axe (weapon)
 E - the +1 trident of Pandemonium {elec, rElec Int+2 Dex+2}
   (You found it on level 9 of the Dungeon)

   Occasionally, upon striking a foe, it will discharge some electrical energy
   and cause terrible harm.
   It affects your intelligence (+2).
   It affects your dexterity (+2).
   It insulates you from electricity.
 G - a +2 broad axe of flaming
 K - a +6 broad axe of venom
Armour
 n - a +2 chain mail of fire resistance
 M - a +0 pair of gloves (worn)
 S - a scarf of repulsion (worn)
 U - a +3 chain mail (worn)
 V - the +3 buckler of Shielding {rPois Regen+ Int-3}
   (You found it on level 5 of the Lair of Beasts)

   It affects your intelligence (-3).
   It protects you from poison.
   It increases your rate of regeneration.
Jewellery
 e - an uncursed ring of see invisible
 h - an uncursed ring of fire
 i - a ring of ice (left hand)
 x - a +6 amulet of reflection (around neck)
 P - a +5 ring of intelligence
 T - a +1 ring of slaying
 X - the ring of Amelioration (right hand) {Ice +Inv MR+ Slay+2 Stlth-}
   (You found it on level 6 of the Lair of Beasts)

   [ring of ice]

   It enhances your ice magic.
   It affects your accuracy and damage with ranged weapons and melee attacks
   (+2).
   It makes you vulnerable to fire.
   It protects you from cold.
   It affects your resistance to hostile enchantments.
   It lets you turn invisible.
   It makes you less stealthy.
Wands
 l - a wand of disintegration (34)
 y - a wand of digging (14)
 N - a wand of paralysis (7)
Scrolls
 d - 2 scrolls of identify
 f - a scroll of blinking {unknown}
 m - 6 scrolls of remove curse
 r - a scroll of torment {unknown}
 s - 8 scrolls of teleportation
 t - 5 scrolls of enchant armour
 v - 3 scrolls of magic mapping
 C - 3 scrolls of immolation
 H - 2 scrolls of fog
 Q - a scroll of silence {unknown}
Potions
 a - a potion of heal wounds
 g - 17 potions of curing
 j - 2 potions of magic {unknown}
 k - a potion of ambrosia
 o - 3 potions of agility
 p - 3 potions of flight
 q - 3 potions of might
 u - 2 potions of degeneration {unknown}
 A - 4 potions of invisibility
 D - 3 potions of haste
 J - 2 potions of berserk rage {unknown}
 O - a potion of brilliance {unknown}
 W - a potion of resistance {unknown}
 Z - 3 potions of mutation {unknown}
Miscellaneous
 L - a phantom mirror
 R - a fan of gales
Comestibles
 c - 36 rations
 w - 2 chunks of flesh


   Skills:
 + Level 18.2 Fighting
 * Level 21.4(22.0) Axes
 - Level 10.1(17.0) Polearms
 + Level 17.4 Armour
 - Level 6.2 Dodging
 - Level 9.8 Shields


You had 16 spell levels left.
You didn't know any spells.
Your spell library contained the following spells:

 Spells                   Type           Power        Failure   Level  Hunger
 Animate Skeleton         Necr           N/A          92%         1    ##.....
 Corona                   Hex            #......      92%         1    ##.....
 Infusion                 Chrm           #...         92%         1    ##.....
 Magic Dart               Conj           #...         92%         1    ##.....
 Pain                     Necr           #...         92%         1    ##.....
 Sandblast                Erth           #.....       92%         1    ##.....
 Summon Small Mammal      Summ           #...         92%         1    ##.....
 Blink                    Tloc           N/A          98%         2    ###....
 Call Imp                 Summ           #.......     98%         2    ###....
 Passwall                 Tmut/Erth      #.......     98%         2    ###....
 Shroud of Golubria       Chrm/Tloc      #.........   98%         2    ###....
 Slow                     Hex            #.......     98%         2    ###....
 Song of Slaying          Chrm           #.......     98%         2    ###....
 Call Canine Familiar     Summ           #.......     100%        3    ####...
 Conjure Flame            Conj/Fire      #.......     100%        3    ####...
 Inner Flame              Hex/Fire       #.......     100%        3    ####...
 Mephitic Cloud           Conj/Pois/Air  #.......     100%        3    ####...
 Portal Projectile        Hex/Tloc       #.....       100%        3    ####...
 Regeneration             Chrm/Necr      #.........   100%        3    ####...
 Spectral Weapon          Hex/Chrm       #.......     100%        3    ####...
 Stone Arrow              Conj/Erth      #.....       100%        3    ####...
 Summon Guardian Golem    Hex/Summ       #.......     100%        3    ####...
 Vampiric Draining        Necr           #.........   100%        3    ####...
 Animate Dead             Necr           N/A          100%        4    #####..
 Cause Fear               Hex            #.........   100%        4    #####..
 Leda's Liquefaction      Hex/Erth       #.........   100%        4    #####..
 Petrify                  Tmut/Erth      #.......     100%        4    #####..
 Summon Ice Beast         Ice/Summ       #.......     100%        4    #####..
 Summon Lightning Spire   Summ/Air       #.......     100%        4    #####..
 Bolt of Magma            Conj/Fire/Erth #.........   100%        5    ######.
 Iskenderun's Battlesphe  Conj/Chrm      #.......     100%        5    ######.
 Lee's Rapid Deconstruct  Erth           #.........   100%        5    ######.
 Venom Bolt               Conj/Pois      #.........   100%        5    ######.
 Iron Shot                Conj/Erth      #.........   100%        6    #######
 Orb of Destruction       Conj           #.........   100%        7    #######
 Spellforged Servitor     Conj/Summ      #.........   100%        7    #######


Dungeon Overview and Level Annotations

Branches:
Dungeon (15/15)            Temple (0/1) D:4            Lair (6/6) D:11
 Shoals (1/4) Lair:4       Spider (4/4) Lair:3        Slime (0/5) Lair:6
    Orc (2/2) D:11            Elf (0/3) Orc:2        Vaults (0/5) D:14
 Depths (0/5) D:15

Altars:
Cheibriados
Fedhas
Hepliaklqana
Nemelex Xobeh
Okawaru
Qazlal
Sif Muna
Trog
Wu Jian
Xom
Yredelemnul
Zin
Jiyva

Shops:
D:7 *   D:9 =   D:10 [   D:12 ?   Orc:2 %[*[

Annotations:
Lair:5 exclusion: oklob plant
Lair:6 exclusion: oklob plant
Spider:4 3 runed doors, Foefattu's ghost, adept MiBe; Fotiegah's ghost, journeyman VSWn; Liethisu's ghost, adept MfGl; lifenoodles's ghost, journeyman MiBe
Orc:1 Sonja


Innate Abilities, Weirdness & Mutations

You reflexively headbutt those who attack you in melee.
You have a pair of horns on your head.


Message History

Okay, then.
Okay, then.
You feel much better.
* * * LOW HITPOINT WARNING * * *
You feel extremely sick.
Your ogre closely misses the dream sheep.
The sea snake bites you but does no damage.
Something closely misses your ogre.
The dream sheep barely misses your ogre.
The sea snake bites you but does no damage.
You block the harpy's attack. The harpy closely misses you.
Your ogre hits the dream sheep with a giant club!!
The dream sheep dies!
Trog accepts your kill. The manticore barely misses you.
The manticore claws you but does no damage.
You block the manticore's attack. The merfolk barely misses you.
The harpy closely misses you. The harpy claws you but does no damage.
The sea snake bites you!
You die...

##≈≈ ≈≈≈## ##≈≈≈ ### ≈≈≈##
8≈c≈##8##≈≈≈8#≈≈≈≈≈≈≈P..
##≈≈##≈≈≈##≈≈##≈≈.P≈≈≈≈.#
#8≈≈#≈≈≈.≈#≈≈8#≈≈...≈≈≈P#
#≈≈#≈≈≈≈≈#.≈##≈≈......PP
#.≈'≈m≈≈≈'.(##≈≈≈.≈.≈≈.P
#..'≈YO≈mSSH##≈≈≈≈.≈≈≈P..P.
##..#.Y≈≈≈#@H##≈≈≈≈≈≈≈≈PP..≈
#8..#.≈≈≈.#H(8#.)<≈≈≈≈≈PP..P
.....##..##≈≈≈##)≈##.....≈≈P.≈..≈
.....#8...##8##≈≈≈8##.≈≈≈≈.≈≈≈≈≈≈
#....##.m..###≈≈≈≈###.≈≈≈...≈≈≈≈≈
##....##...# #≈≈≈##..........≈...
PP.....#...# #≈)≈#.......)...≈...
PP.....##..# #(≈##......≈...≈≈.##
PP......##'# #'##.......≈(≈..≈##


You could see 2 sea snakes, 2 merfolk, a manticore, 2 harpies, a dream sheep and
a friendly ogre (berserk).

Vanquished Creatures
  A tentacled starspawn (Abyss:2)
  3 ghost moths (Spider:4)
  11 emperor scorpions
  Nessos (D:14)
  An entropy weaver (Spider:1)
  A lorocyproca (Abyss:1)
  A dire elephant (Lair:6)
  A spark wasp (Spider:4)
  An ettin (Orc:1)
  A merfolk impaler (Shoals:1)
  Fannar (Orc:1)
  A rakshasa (D:15)
  2 vault guards (D:14)
  7 hydras
  A centaur warrior (D:13)
  2 catoblepae
  5 two-headed ogres
  An ogre mage (D:15)
  A satyr (Shoals:1)
  2 death yaks (Lair:6)
  4 orc high priests
  Nergalle (Lair:2)
  3 unseen horrors
  3 wizards
  5 harpies (Shoals:1)
  6 orc knights
  Pikel (D:8)
  A lindwurm (Lair:6)
  10 orb spiders
  2 necromancers (D:14)
  2 deep elf magi
  3 orc sorcerers (Orc:2)
  29 wolf spiders
  3 manticores
  A faun (Shoals:1)
  7 ugly things
  16 elephants
  2 moths of wrath (Spider:2)
  3 centaur zombies
  7 torpor snails
  4 black mambas
  Joseph (D:8)
  7 spiny frogs
  Maurice (Orc:1)
  2 gargoyles
  A rime drake (shapeshifter) (D:15)
  8 demonic crawlers
  3 komodo dragons
  5 rime drakes
  13 trolls
  A harpy zombie (D:15)
  31 jumping spiders
  A queen bee (D:10)
  A tengu conjurer (D:13)
  7 merfolk (Shoals:1)
  3 meliai (D:14)
  2 polar bears (Lair:4)
  8 slime creatures
  3 blink frogs (Lair:5)
  A hornet (D:8)
  A hippogriff (shapeshifter) (D:13)
  9 hippogriffs
  12 dream sheep
  61 redbacks
  A shadow (D:11)
  18 humans (D:14)
  36 tarantellas
  4 wyverns
  A vampire (D:11)
  8 basilisks
  A hog (shapeshifter) (D:15)
  3 fire bats (Orc:1)
  Eustachio (D:6)
  59 yaks
  2 hungry ghosts
  A redback simulacrum (D:15)
  An acid dragon (D:12)
  12 water moccasins
  2 wargs
  A soldier ant (D:13)
  7 porcupines
  5 sky beasts
  28 orc warriors
  8 ice beasts
  2 black bears (D:9)
  A hornet zombie (D:13)
  4 phantoms
  A boggart (D:15)
  A necrophage (D:11)
  26 wolves
  11 ogres
  19 crocodiles
  11 centaurs
  5 big kobolds
  21 bullfrogs
  A gnoll sergeant (D:6)
  33 scorpions
  2 wyvern skeletons
  33 killer bees
  21 wights
  3 electric eels (Lair:5)
  3 howler monkeys
  7 crimson imps
  3 jellies
  2 quasits
  A bullfrog zombie (D:8)
  A gnoll shaman (D:4)
  4 hounds
  15 orc priests
  A centaur skeleton (D:10)
  30 orc wizards
  A bullfrog skeleton (D:12)
  2 iguanas
  11 worker ants
  A hound skeleton (D:6)
  A worker ant zombie (D:11)
  7 adders
  11 gnolls
  2 howler monkey skeletons
  2 shadow imps
  An adder zombie (D:7)
  2 adder skeletons
  A worm (D:2)
  A dart slug (D:1)
  3 leopard geckos
  84 orcs
  5 ball pythons
  4 bats
  6 giant cockroaches
  4 goblins
  3 hobgoblins (D:1)
  2 quokkas
  4 frilled lizards
  38 kobolds
  5 rats
  3 fungi
  A plant (Lair:3)
  A starspawn tentacle (Abyss:2)
1007 creatures vanquished.

Vanquished Creatures (collateral kills)
  Arachne (Spider:4)
  An emperor scorpion (Spider:4)
  A rakshasa (D:15)
  A two-headed ogre (D:12)
  6 death yaks (Lair:6)
  A wizard (D:14)
  A harpy (Shoals:1)
  4 ugly things
  An orc sorcerer (D:15)
  An orb spider (Spider:4)
  A lindwurm (Lair:6)
  A manticore (D:12)
  3 elephants (Lair:6)
  A spiny frog (Lair:6)
  A rime drake (Lair:6)
  3 dream sheep
  A redback (Spider:4)
  9 yaks
  A wyvern (D:12)
  A human (D:14)
  An acid dragon (D:14)
  An orc warrior (D:15)
  3 boggarts (D:15)
  2 centaurs (D:15)
  An ogre (D:14)
  A bullfrog (D:14)
  2 orc priests
  2 orc wizards (Orc:1)
  An orc (Orc:1)
54 creatures vanquished.

Vanquished Creatures (others)
  An orb spider (Spider:2)
  4 slaves (D:8)
  2 centaurs
  An orc priest (Orc:2)
  An orc wizard (Orc:2)
  2 orcs (Orc:2)
  3 fungi
  6 plants
  2 starspawn tentacles (Abyss:2)
22 creatures vanquished.

Grand Total: 1083 creatures vanquished

Notes
Turn   | Place    | Note
-------+----------+-------------------------------------------
     0 | D:1      | brandon the Minotaur Berserker began the quest for the Orb.
     0 | D:1      | Reached XP level 1. HP: 19/19 MP: 0/0
    53 | D:1      | Reached XP level 2. HP: 24/27 MP: 1/1
    59 | D:1      | Reached skill level 4 in Axes
   561 | D:2      | Found an ornate altar of the Wu Jian Council.
   564 | D:2      | Reached XP level 3. HP: 31/33 MP: 2/2
   840 | D:2      | Found an iron altar of Okawaru.
  1011 | D:2      | You fall through a shaft for 2 floors!
  1013 | D:4      | Reached ** piety under Trog
  1024 | D:4      | Reached XP level 4. HP: 40/41 MP: 3/3
  1075 | D:4      | Found a staircase to the Ecumenical Temple.
  1134 | D:4      | Reached skill level 5 in Axes
  1140 | D:4      | Reached XP level 5. HP: 47/47 MP: 4/4
  1266 | D:4      | Found a snail-covered altar of Cheibriados.
  1371 | D:4      | Noticed an ogre
  1375 | D:4      | Killed an ogre
  1375 | D:4      | Reached skill level 5 in Fighting
  1375 | D:4      | Reached skill level 6 in Axes
  1375 | D:4      | Reached XP level 6. HP: 46/56 MP: 5/5
  1385 | D:4      | Found a glowing drain.
  1394 | Sewer    | Entered a sewer
  2034 | D:5      | Entered Level 5 of the Dungeon
  2096 | D:5      | Reached XP level 7. HP: 52/61 MP: 6/6
  2450 | D:5      | Reached *** piety under Trog
  2485 | D:5      | Reached skill level 7 in Axes
  2750 | D:5      | Reached skill level 5 in Armour
  2846 | D:5      | Found a sparkling altar of Nemelex Xobeh.
  3060 | D:6      | Reached skill level 8 in Axes
  3124 | D:6      | Reached XP level 8. HP: 70/70 MP: 7/7
  3233 | D:6      | Reached skill level 5 in Dodging
  3297 | D:6      | Noticed Eustachio
  3305 | D:6      | Killed Eustachio
  3811 | D:7      | Noticed a hippogriff
  3817 | D:7      | Killed a hippogriff
  3817 | D:7      | Reached skill level 9 in Axes
  3927 | D:7      | Found Zin's Purification Station.
  3932 | D:7      | Found a glowing silver altar of Zin.
  4283 | D:7      | Found a blossoming altar of Fedhas.
  4345 | D:7      | Reached XP level 9. HP: 79/79 MP: 8/8
  4774 | D:7      | Reached skill level 10 in Axes
  4837 | D:7      | Found a hazy altar of Hepliaklqana.
  5072 | D:8      | Got a bloodstained leather armour
  5083 | D:8      | Identified the +3 leather armour of the Vacuum {Dex+2} (You
                  | found it on level 8 of the Dungeon)
  5133 | D:8      | Reached **** piety under Trog
  5133 | D:8      | Noticed Pikel
  5143 | D:8      | Reached skill level 1 in Shields
  5148 | D:8      | Killed Pikel
  5759 | D:8      | Noticed Joseph
  5771 | D:8      | Killed Joseph
  5771 | D:8      | Reached skill level 11 in Axes
  6117 | D:8      | Found a deep blue altar of Sif Muna.
  6277 | D:8      | Found a stormy altar of Qazlal.
  6279 | D:8      | Found a sparkling altar of Nemelex Xobeh.
  6482 | D:9      | Found a bloodstained altar of Trog.
  6510 | D:9      | Reached XP level 10. HP: 84/90 MP: 9/9
  6517 | D:9      | Got a crystal trident
  6521 | D:9      | Identified the cursed +1 trident of Pandemonium {elec,
                  | rElec Int+2 Dex+2} (You found it on level 9 of the Dungeon)
  6528 | D:9      | Found Xiron's Jewellery Emporium.
  6636 | D:9      | Reached skill level 1 in Polearms
  7105 | D:9      | Found a shimmering altar of Xom.
  7600 | D:10     | Entered Level 10 of the Dungeon
  7949 | D:10     | Found Orissoesch's Armour Emporium.
  8010 | D:10     | Reached skill level 5 in Polearms
  8043 | D:10     | Reached ***** piety under Trog
  8441 | D:10     | Reached skill level 10 in Fighting
  8568 | D:10     | Reached XP level 11. HP: 99/99 MP: 10/10
  8774 | D:11     | Received a gift from Trog
  8944 | D:11     | Noticed a cyan ugly thing
  8952 | D:11     | Killed a cyan ugly thing
  9442 | D:11     | Reached skill level 10 in Armour
  9463 | D:11     | Found a staircase to the Orcish Mines.
  9603 | D:11     | Found a staircase to the Lair.
 10265 | D:12     | Noticed a green ugly thing
 10279 | D:12     | Killed a green ugly thing
 10481 | D:12     | Noticed a purple ugly thing
 10482 | D:12     | Noticed a two-headed ogre
 10504 | D:12     | Killed a two-headed ogre
 10506 | D:12     | Killed a purple ugly thing
 10506 | D:12     | Reached skill level 12 in Axes
 10575 | D:12     | Found Nier's Magic Scroll Emporium.
 10601 | D:12     | Noticed a cyan ugly thing
 10603 | D:12     | Noticed a deep elf mage
 10671 | D:11     | Killed a cyan ugly thing
 10859 | D:12     | Killed a deep elf mage
 11422 | D:12     | Got a clouded steel amulet
 11557 | Lair:1   | Entered Level 1 of the Lair of Beasts
 11765 | Lair:1   | Reached skill level 5 in Shields
 11766 | Lair:1   | Reached skill level 13 in Axes
 11766 | Lair:1   | Reached XP level 12. HP: 99/110 MP: 3/11
 11773 | Lair:1   | Noticed a five-headed hydra
 11779 | Lair:1   | Killed a five-headed hydra
 12993 | Lair:1   | Identified the amulet "Kil Elev" {Harm *Drain rC- Str+7}
                  | (You found it on level 12 of the Dungeon)
 13099 | Lair:2   | Noticed Nergalle
 13112 | Lair:2   | Killed Nergalle
 13392 | Lair:2   | Noticed a seven-headed hydra
 13399 | Lair:2   | Killed a seven-headed hydra
 13399 | Lair:2   | Reached skill level 14 in Axes
 14290 | Lair:2   | You fall through a shaft for 2 floors!
 14809 | Lair:3   | Found a hole to the Spider Nest.
 15176 | Lair:3   | Reached XP level 13. HP: 108/119 MP: 4/12
 15721 | Lair:4   | Reached skill level 15 in Axes
 16280 | Lair:4   | Received a gift from Trog
 16354 | Lair:4   | Found a staircase to the Shoals.
 17824 | Lair:5   | Reached skill level 16 in Axes
 18094 | Lair:5   | Got a translucent buckler
 18105 | Lair:5   | Identified the +3 buckler of Shielding {rPois Regen+ Int-3}
                  | (You found it on level 5 of the Lair of Beasts)
 18581 | Lair:6   | Entered Level 6 of the Lair of Beasts
 18910 | Lair:6   | Found a viscous altar of Jiyva.
 18910 | Lair:6   | Found a staircase to the Slime Pits.
 19187 | Lair:6   | Received a gift from Trog
 19193 | Lair:6   | Reached XP level 14. HP: 129/129 MP: 4/13
 20095 | Lair:6   | Got a heavily runed brass ring
 20180 | Lair:6   | Reached skill level 17 in Axes
 20212 | Lair:6   | Identified the ring of Amelioration {Ice +Inv MR+ Slay+2
                  | Stlth-} (You found it on level 6 of the Lair of Beasts)
 20781 | Orc:1    | Entered Level 1 of the Orcish Mines
 20784 | Orc:1    | Noticed Fannar
 20803 | Orc:1    | Killed Fannar
 20847 | Orc:2    | Entered Level 2 of the Orcish Mines
 20858 | Orc:2    | Received a gift from Trog
 20901 | Orc:1    | Noticed Maurice
 20902 | Orc:1    | Noticed Sonja
 20993 | Orc:1    | Cast into level 2 of the Abyss (Sonja)
 21036 | Abyss:2  | Noticed a tentacled starspawn
 21054 | Abyss:2  | Killed a tentacled starspawn
 21109 | Orc:1    | Escaped the Abyss
 21487 | Orc:1    | Killed Maurice
 21895 | Orc:1    | Cast into level 1 of the Abyss (Sonja)
 21981 | Orc:1    | Escaped the Abyss
 22487 | Orc:1    | Reached skill level 18 in Axes
 23514 | Orc:2    | Received a gift from Trog
 23626 | Orc:2    | Found a staircase to the Elven Halls.
 24858 | Orc:2    | Found Vuadui's Antique Armour Emporium.
 24858 | Orc:2    | Found Amooquc's Food Boutique.
 24875 | Orc:2    | Found Biucemm's Assorted Antiques.
 24875 | Orc:2    | Found Urchio's Antique Armour Boutique.
 25212 | D:13     | Reached XP level 15. HP: 126/139 MP: 4/14
 25756 | D:13     | Reached skill level 15 in Fighting
 26229 | D:13     | Received a gift from Trog
 26866 | D:14     | Noticed Nessos
 26886 | D:14     | Killed Nessos
 27322 | D:14     | Reached skill level 15 in Armour
 27475 | D:14     | Reached skill level 19 in Axes
 28124 | D:14     | Found a gate to the Vaults.
 28873 | D:15     | Entered Level 15 of the Dungeon
 29546 | D:15     | Found a basalt altar of Yredelemnul.
 30020 | D:15     | Found a staircase to the Depths.
 30265 | D:15     | Received a gift from Trog
 30637 | Spider:1 | Entered Level 1 of the Spider Nest
 30671 | Spider:1 | Got a shimmering mace
 31328 | Lair:3   | Reached XP level 16. HP: 71/151 MP: 15/15
 31458 | Spider:1 | Identified the +7 mace of Nadey {elec, *Noise Dex+8} (You
                  | found it on level 1 of the Spider Nest)
 32940 | Spider:2 | Reached skill level 10 in Polearms
 33192 | Spider:2 | Reached ****** piety under Trog
 33333 | Spider:2 | Received a gift from Trog
 34253 | Spider:3 | Reached skill level 20 in Axes
 34598 | Spider:3 | Received a gift from Trog
 35385 | Spider:4 | Entered Level 4 of the Spider Nest
 35756 | Spider:4 | Lost intelligence.
 35970 | Spider:4 | Reached XP level 17. HP: 156/163 MP: 16/16
 36206 | Spider:4 | Reached skill level 21 in Axes
 36228 | Spider:4 | Got a gossamer rune of Zot
 36347 | Spider:4 | Received a gift from Trog
 36467 | Spider:4 | Found a runed gate.
 36467 | Spider:4 | Found a runed gate.
 36467 | Spider:4 | Found a runed gate.
 36469 | Spider:4 | Noticed Fotiegah's ghost (journeyman VSWn)
 36471 | Spider:4 | Noticed lifenoodles's ghost (journeyman MiBe)
 36471 | Spider:4 | Noticed Foefattu's ghost (adept MiBe)
 36471 | Spider:4 | Noticed Liethisu's ghost (adept MfGl)
 36567 | Spider:4 | Noticed Arachne
 36593 | Spider:4 | Killed Arachne
 36734 | Spider:4 | Got a scorched long sword
 36981 | Shoals:1 | Entered Level 1 of the Shoals
 38064 | Shoals:1 | HP: 7/165 [poisoned by a sea snake]
 38065 | Shoals:1 | Slain by a sea snake

Skill      XL: |  1  2  3  4  5  6  7  8  9 10 11 12 13 14 15 16 17 |
---------------+----------------------------------------------------+-----
Axes           | 4 5 6 8 9 11 13 14 16 18 19 20 21 | 21.4
Fighting       | 4 5 6 7 8 10 11 12 13 14 16 17 18 | 18.2
Armour         | 3 4 5 6 8 9 11 12 13 14 15 17 | 17.4
Dodging        | 3 4 6 |  6.2
Shields        | 3 4 5 7 9 |  9.8
Polearms       | 7 8 9 10 | 10.1

Action                   |  1- 3 |  4- 6 |  7- 9 | 10-12 | 13-15 | 16-18 || total
-------------------------+-------+-------+-------+-------+-------+-------++-------
Melee: Hand axe          |    50 |   127 |   309 |       |       |       ||   486
       Headbutt          |     9 |    22 |    64 |   155 |   288 |   189 ||   727
       Trident           |       |       |       |   293 |   206 |   210 ||   709
       Broad axe         |       |       |       |   395 |   302 |   413 ||  1110
       War axe           |       |       |       |    12 |       |       ||    12
       Executioner's axe |       |       |       |       |   608 |    60 ||   668
Invok: Berserk           |       |     2 |     8 |    11 |    34 |    14 ||    69
       Trog's Hand       |       |       |     1 |     1 |     1 |     2 ||     5
       Brothers in Arms  |       |       |       |     2 |    11 |     7 ||    20
 Abil: Evoke Invisibilit |       |       |       |       |       |     1 ||     1
  Use: Scroll            |       |       |     2 |    12 |    18 |     4 ||    36
       Potion            |       |       |       |       |     1 |     6 ||     7
 Stab: Distracted        |       |       |       |     1 |     1 |       ||     2
  Eat: Chunk             |       |     5 |    10 |    27 |    40 |    24 ||   106
       Ration            |       |       |     5 |     4 |    14 |     4 ||    27
Armor: Animal skin       |    18 |       |       |       |       |       ||    18
       Chain mail        |       |    58 |   124 |   170 |   477 |   363 ||  1192
       Leather armour    |       |       |    10 |       |       |       ||    10
Dodge: Dodged            |    34 |    48 |   103 |   231 |   558 |   330 ||  1304
       Deflected         |       |       |       |       |    35 |     5 ||    40
Block: Buckler           |       |    33 |   127 |   416 |   365 |   463 ||  1404
       Reflection        |       |       |     3 |    25 |    20 |       ||    48
       Other             |       |       |       |       |   199 |    47 ||   246
